 Dungeon Crawl Stone Soup version 0.23.2-40-g277498a001 (webtiles) character file.

Game seed: 13429350519670056394

134517 CrazedAxUser the Severer (level 16, -1/161 HPs)
             Began as a Minotaur Berserker on Sept 1, 2019.
             Was the Champion of Trog.
             Slain by a jumping spider (16 damage)
             ... on level 2 of the Spider Nest.
             The game lasted 01:52:03 (24889 turns).

CrazedAxUser the Severer (Minotaur Berserker)      Turns: 24889, Time: 01:52:04

Health: -1/161     AC: 31    Str: 30    XL:     16   Next: 62%
Magic:  5/5        EV:  5    Int:  4    God:    Trog [******]
Gold:   418        SH:  0    Dex: 13    Spells: 15/15 levels left

rFire    + + .     SeeInvis .   k - +3 battleaxe (antimagic)
rCold    + . .     Gourm    .   (shield currently unavailable)
rNeg     . . .     Faith    .   B - +16 plate armour "Yre Dom" {Regen+ Stlth+}
rPois    +         Spirit   .   C - +2 hat
rElec    +         Reflect  .   M - scarf {rC+ rF+}
rCorr    .         Harm     .   l - +0 pair of gloves of the Queen {MR+}
MR       ++...     Clarity  +   z - +2 pair of boots {Fly}
Stlth    ..........             V - amulet of regeneration
HPRegen  1.16/turn              v - ring of poison resistance
MPRegen  0.09/turn              y - ring "Koux" {*Corrode rElec rF+ Str+4 Stlth+}

@: lethally poisoned (-1 -> -26), corroded, flying, held
A: retaliatory headbutt, horns 2, blurry vision 1, clarity
a: Berserk, Trog's Hand, Brothers in Arms, Renounce Religion, Stop Flying


You were on level 2 of the Spider Nest.
You worshipped Trog.
Trog was exalted by your worship.
You were not hungry.

You visited 5 branches of the dungeon, and saw 26 of its levels.
You also visited: Gauntlet and Ice Cave.

You collected 3126 gold pieces.
You spent 2708 gold pieces at shops.

Inventory:

Hand Weapons
 k - a +3 antimagic battleaxe (weapon)
 o - the +1 battleaxe of the Skies Above {chop, rPois rC+ Stlth+}
   (Trog gifted it to you on level 2 of the Orcish Mines)

   It inflicts extra damage upon your enemies.
   It protects you from cold.
   It protects you from poison.
   It makes you more stealthy.
 w - a +4 glaive
 x - a +1 hand axe of flaming
 F - a +0 blowgun
 S - a +2 executioner's axe of freezing
Missiles
 e - 162 poisoned needles
 E - 15 tomahawks of returning
 H - 12 javelins
 N - 19 javelins of penetration
Armour
 h - the +1 plate armour "Fatek" {rF- rN+++ Regen+ SInv}
   (You bought it in a shop on level 2 of the Orcish Mines)

   It makes you vulnerable to fire.
   It renders you almost immune to negative energy.
   It lets you see invisible.
   It increases your rate of regeneration.
 l - the +0 pair of gloves of the Queen (worn) {MR+}
   (You bought it in a shop on level 2 of the Orcish Mines)

   It affects your resistance to hostile enchantments.
 q - a +1 scale mail of positive energy
 z - a +2 pair of boots of flying (worn)
 B - the +16 plate armour "Yre Dom" (worn) {Regen+ Stlth+}
   (You bought it in a shop on level 5 of the Dungeon)

   It increases your rate of regeneration.
   It makes you more stealthy.
 C - a +2 hat (worn)
 G - +0 acid dragon scales
 M - a scarf of resistance (worn)
Jewellery
 m - an uncursed ring of fire
 r - an uncursed ring of ice
 s - an uncursed ring of see invisible
 v - a ring of poison resistance (left hand)
 y - the ring "Koux" (right hand) {*Corrode rElec rF+ Str+4 Stlth+}
   (You found it in a Gauntlet)

   [ring of strength]

   It affects your strength (+4).
   It protects you from fire.
   It insulates you from electricity.
   It may corrode you when you take damage.
   It makes you more stealthy.
 R - a +4 ring of intelligence
 V - an amulet of regeneration (around neck)
Wands
 K - a wand of iceblast (29)
Scrolls
 b - 12 scrolls of remove curse
 d - 4 scrolls of fear
 g - 4 scrolls of magic mapping
 n - 6 scrolls of immolation
 p - 14 scrolls of teleportation
 t - 4 scrolls of blinking
 u - 7 scrolls of fog
 D - a scroll of identify
 O - a scroll of summoning {unknown}
Potions
 a - 5 potions of haste
 f - 3 potions of might
 i - a potion of agility
 j - a potion of mutation
 A - 13 potions of curing
 J - 3 potions of heal wounds
 L - a potion of cancellation
 W - 3 potions of resistance
Comestibles
 c - 37 rations
 I - 6 chunks of flesh


   Skills:
 + Level 19.6 Fighting
 - Level 20.0 Axes
 * Level 12.5 Throwing
 + Level 14.0 Armour
 - Level 2.1 Dodging
 - Level 3.0 Evocations


You had 15 spell levels left.
You didn't know any spells.
Your spell library contained the following spells:

 Spells                   Type           Power        Failure   Level  Hunger
 Flame Tongue             Conj/Fire      #....        97%         1    ##.....
 Magic Dart               Conj           #...         97%         1    ##.....
 Shock                    Conj/Air       #...         97%         1    ##.....
 Summon Butterflies       Summ           #.......     97%         1    ##.....
 Blink                    Tloc           N/A          99%         2    ###....
 Call Imp                 Summ           #.......     99%         2    ###....
 Passwall                 Tmut/Erth      #.......     99%         2    ###....
 Slow                     Hex            #.......     99%         2    ###....
 Swiftness                Chrm/Air       #.......     99%         2    ###....
 Throw Flame              Conj/Fire      #.....       99%         2    ###....
 Call Canine Familiar     Summ           #.......     100%        3    ####...
 Conjure Flame            Conj/Fire      #.......     100%        3    ####...
 Inner Flame              Hex/Fire       #.......     100%        3    ####...
 Mephitic Cloud           Conj/Pois/Air  #.......     100%        3    ####...
 Recall                   Summ/Tloc      N/A          100%        3    ####...
 Static Discharge         Conj/Air       #.......     100%        3    ####...
 Airstrike                Air            #.........   100%        4    #####..
 Animate Dead             Necr           N/A          100%        4    #####..
 Passage of Golubria      Tloc           N/A          100%        4    #####..
 Sticky Flame             Conj/Fire      #.......     100%        4    #####..
 Summon Ice Beast         Ice/Summ       #.......     100%        4    #####..
 Aura of Abjuration       Summ           #.........   100%        5    ######.
 Borgnjor's Vile Clutch   Necr/Erth      #.........   100%        5    ######.
 Fireball                 Conj/Fire      #.........   100%        5    ######.
 Lee's Rapid Deconstruct  Erth           #.........   100%        5    ######.
 Lightning Bolt           Conj/Air       #.........   100%        5    ######.
 Summon Demon             Summ           #.........   100%        5    ######.
 Summon Forest            Summ/Tloc      #.........   100%        5    ######.
 Summon Mana Viper        Hex/Summ       #.......     100%        5    ######.
 Darkness                 Hex            #.........   100%        6    #######
 Death Channel            Necr           #.........   100%        6    #######
 Invisibility             Hex            #.......     100%        6    #######
 Shadow Creatures         Summ           N/A          100%        6    #######
 Simulacrum               Ice/Necr       #.........   100%        6    #######
 Summon Hydra             Summ           #.........   100%        7    #######


Dungeon Overview and Level Annotations

Branches:
Dungeon (15/15)            Temple (1/1) D:4            Lair (6/6) D:10
  Swamp (0/4) Lair:4       Spider (2/4) Lair:2        Slime (0/5) Lair:6
    Orc (2/2) D:12            Elf (0/3) Orc:2        Vaults (0/5) D:14
 Depths (0/5) D:15

Altars:
Ashenzari
Cheibriados
Dithmenos
Elyvilon
Fedhas
Gozag
Hepliaklqana
Kikubaaqudgha
Makhleb
Nemelex Xobeh
Okawaru
Qazlal
Ru
Sif Muna
Trog
Uskayaw
Vehumet
Wu Jian
Xom
Yredelemnul
Zin
The Shining One
Beogh

Shops:
D:5 [   D:9 :   D:14 =   Orc:2 =}[(

Portals:
Trove: D:14 (give 19 scrolls of identify)


Innate Abilities, Weirdness & Mutations

You reflexively headbutt those who attack you in melee.
You have a pair of horns on your head.
Scrolls take you a little longer to read.
You possess an exceptional clarity of mind.


Message History

Really read with blurry vision while enemies are nearby?
You feel sick.
The tarantella bites you but does no damage.
The wolf spider hits you!!
* * * LOW HITPOINT WARNING * * *
The wolf spider bites you but does no damage.
The jumping spider pounces on you.
* * * LOW HITPOINT WARNING * * *
You are even more entangled.
The jumping spider bites you but does no damage.
The moth of wrath bites you but does no damage.
You begin reading the scroll.
You continue reading the scroll.
* * * LOW HITPOINT WARNING * * *
You feel very sick. The wolf spider hits you.
* * * LOW HITPOINT WARNING * * *
The wolf spider bites you but does no damage.
The tarantella bites you but does no damage.
The jumping spider pounces on you!
You die...

.............#
..##.†#......#
....†....^...# .
.#......#^....# =.
.#....†.#.##..# ##### ...
..###...).#..####...#..
.##......##...##...#.#
#.........^..#..ss...##..
#.......^.#.....@s......#
#^....#....####.†y.#..$##
#.............†##...^###
##.......#......##..##
##.........#..^## ###
...#..#.......##
........#..####
...........##
...#..#..>..#


You could see a wolf spider (berserk), a moth of wrath, a jumping spider
(berserk) and a tarantella (berserk).

Vanquished Creatures
  Rupert (D:13)
  Frances (D:13)
  Gastronok (D:8)
  Kirke (Lair:4)
  An orc warlord (Orc:2)
  An emperor scorpion (Spider:1)
  3 entropy weavers
  A minotaur (Gauntlet)
  Azrael (Orc:2)
  An ettin (Orc:1)
  Snorg (Lair:3)
  9 hydras
  3 catoblepae
  4 centaur warriors (D:14)
  12 two-headed ogres
  2 tengu warriors
  A queen ant (Lair:3)
  3 ogre magi
  3 death yaks (Lair:6)
  2 orc high priests (Orc:2)
  Urug (D:10)
  6 unseen horrors
  2 wizards (D:15)
  An obsidian statue (D:12)
  5 orb spiders
  2 orc sorcerers
  14 wolf spiders
  A necromancer (IceCv)
  3 orc knights
  2 manticores
  7 ugly things
  A deep elf mage (D:15)
  4 oklob plants (Lair:1)
  3 cyclopes
  A salamander (shapeshifter) (D:13)
  3 centaur zombies
  3 gargoyles
  Maurice (D:13)
  An eye of devastation (Gauntlet)
  3 black mambas
  4 ice statues (IceCv)
  A naga mage (D:15)
  A torpor snail (Lair:5)
  6 spiny frogs
  A rime drake (Lair:1)
  An efreet (D:13)
  2 kobold demonologists (D:15)
  6 demonic crawlers
  11 komodo dragons
  A tengu conjurer (D:13)
  3 freezing wraiths
  6 trolls
  A queen bee (Gauntlet)
  10 ice devils (IceCv)
  19 jumping spiders
  6 polar bears
  A hornet (shapeshifter) (D:14)
  8 dream sheep
  4 bog bodies (Lair:4)
  5 slime creatures
  16 hippogriffs
  10 blink frogs
  10 hornets
  10 tarantellas
  A vampire (D:15)
  11 spriggans (Lair:6)
  3 wyverns
  2 shadows
  36 redbacks
  3 wraiths
  3 fire elementals (Orc:2)
  4 hogs (Lair:4)
  17 yaks
  A basilisk (Lair:5)
  5 vampire mosquitoes
  A swamp worm (Lair:4)
  5 wargs
  20 soldier ants (Lair:3)
  5 hell hounds (Orc:2)
  9 porcupines
  An acid dragon (D:14)
  12 water moccasins
  A floating eye (Gauntlet)
  38 orc warriors
  4 black bears
  A hornet zombie (D:15)
  3 phantoms
  7 sky beasts
  An ice beast (D:9)
  2 eyes of draining
  A necrophage (D:7)
  22 ogres
  6 boggarts
  24 wolves
  18 centaurs
  9 crocodiles
  6 big kobolds
  21 bullfrogs
  A wyvern zombie (D:13)
  2 gnoll sergeants
  11 scorpions
  A water moccasin skeleton (D:9)
  10 killer bees
  A wight (D:10)
  4 electric eels
  7 howler monkeys
  2 bullfrog zombies
  10 crimson imps
  26 orc priests
  2 bullfrog skeletons
  7 centaur skeletons
  5 hounds
  10 jellies
  25 orc wizards
  Terence (D:3)
  5 iguanas
  27 worker ants
  7 hell rats (Lair:6)
  3 spriggan simulacra (IceCv)
  3 troll simulacra (IceCv)
  2 centaur simulacra (IceCv)
  A hound zombie (D:10)
  2 hound skeletons
  4 worker ant zombies
  6 adders
  6 gnolls
  A howler monkey skeleton (D:11)
  2 naga simulacra (IceCv)
  4 shadow imps (D:5)
  6 oozes
  An adder skeleton (D:4)
  3 worms (Lair:2)
  3 dart slugs
  3 leopard geckos
  102 orcs
  6 giant cockroaches
  3 goblins
  5 hobgoblins
  11 jackals
  6 quokkas
  5 bats
  A frilled lizard (D:1)
  A giant cockroach zombie (D:6)
  2 jackal skeletons
  A jackal zombie (D:5)
  25 kobolds
  A leopard gecko skeleton (D:4)
  A leopard gecko zombie (D:5)
  5 rats
  A butterfly (Lair:3)
  7 fungi
  2 plants (Lair:1)
961 creatures vanquished.

Vanquished Creatures (others)
  An orc wizard (Orc:2)
  An orc (Orc:2)
  4 fungi
  30 plants
36 creatures vanquished.

Grand Total: 997 creatures vanquished

Notes
Turn   | Place    | Note
-------+----------+-------------------------------------------
     0 | D:1      | CrazedAxUser the Minotaur Berserker began the quest for the
                  | Orb.
     0 | D:1      | Reached XP level 1. HP: 19/19 MP: 0/0
   149 | D:1      | Reached skill level 4 in Axes
   155 | D:1      | Reached XP level 2. HP: 18/27 MP: 1/1
   704 | D:2      | Reached XP level 3. HP: 28/33 MP: 2/2
   715 | D:2      | Reached ** piety under Trog
   803 | D:2      | Reached skill level 5 in Axes
   806 | D:2      | Reached XP level 4. HP: 29/41 MP: 3/3
  1529 | D:3      | Noticed Terence
  1545 | D:3      | Killed Terence
  2009 | D:4      | Reached skill level 5 in Fighting
  2009 | D:4      | Reached skill level 6 in Axes
  2009 | D:4      | Reached XP level 5. HP: 48/48 MP: 4/4
  2179 | D:4      | Found a staircase to the Ecumenical Temple.
  2190 | D:4      | Noticed a phantom
  2201 | D:4      | Killed a phantom
  2201 | D:4      | Reached skill level 7 in Axes
  2201 | D:4      | Reached XP level 6. HP: 44/56 MP: 5/5
  2250 | Temple   | Entered the Ecumenical Temple
  2909 | D:5      | Entered Level 5 of the Dungeon
  2926 | D:5      | Noticed a sky beast
  2957 | D:5      | Killed a sky beast
  2957 | D:5      | Reached skill level 8 in Axes
  3117 | D:5      | Reached *** piety under Trog
  3130 | D:5      | Reached XP level 7. HP: 47/63 MP: 6/6
  3166 | D:5      | Found a burning altar of Makhleb.
  3288 | D:5      | Found Zounyoqe's Antique Armour Shop.
  3291 | D:5      | Bought a pair of runed boots for 157 gold pieces
  3605 | D:6      | Reached skill level 9 in Axes
  3900 | D:6      | Reached XP level 8. HP: 65/73 MP: 7/7
  3912 | D:6      | Reached skill level 10 in Axes
  4080 | D:6      | Reached **** piety under Trog
  4260 | D:7      | Noticed a hippogriff
  4272 | D:7      | Killed a hippogriff
  4272 | D:7      | Reached skill level 11 in Axes
  5154 | D:7      | Reached XP level 9. HP: 82/82 MP: 8/8
  5488 | D:7      | Reached skill level 12 in Axes
  5549 | D:7      | Found a shimmering altar of Xom.
  5549 | D:7      | Found a snail-covered altar of Cheibriados.
  5549 | D:7      | Found an iron altar of Okawaru.
  5561 | D:7      | Found a radiant altar of Vehumet.
  5866 | D:8      | Reached skill level 13 in Axes
  5987 | D:8      | Reached skill level 10 in Fighting
  6405 | D:8      | Found a glowing golden altar of the Shining One.
  6405 | D:8      | Found a burning altar of Makhleb.
  6428 | D:8      | Noticed Gastronok
  6445 | D:8      | Killed Gastronok
  6445 | D:8      | Reached skill level 14 in Axes
  6445 | D:8      | Reached XP level 10. HP: 95/95 MP: 9/9
  6464 | D:8      | Gained mutation: You are frail. (-10% HP) [potion of
                  | mutation]
  6464 | D:8      | Gained mutation: Scrolls take you a little longer to read.
                  | [potion of mutation]
  6464 | D:8      | Lost mutation: You are frail. (-10% HP) [potion of
                  | mutation]
  6464 | D:8      | Gained mutation: You possess an exceptional clarity of
                  | mind. [potion of mutation]
  6683 | D:9      | Found Kogafiz's Book Emporium.
  6770 | D:9      | Got a spiked leather armour
  6781 | D:9      | Identified the +1 leather armour of Untruth {+Fly rCorr
                  | Str-3 Slay+3} (You found it on level 9 of the Dungeon)
  6988 | D:10     | Entered Level 10 of the Dungeon
  7082 | D:10     | Noticed Urug
  7103 | D:10     | Killed Urug
  7103 | D:10     | Reached skill level 15 in Axes
  7103 | D:10     | Reached skill level 1 in Throwing
  7362 | D:10     | Found a runed translucent door.
  7367 | D:10     | Noticed a gargoyle
  7406 | D:10     | Killed a gargoyle
  7491 | D:10     | Reached ***** piety under Trog
  7897 | D:10     | Found a runed translucent door.
  7933 | D:10     | Reached XP level 11. HP: 104/104 MP: 10/10
  8460 | D:10     | Received a gift from Trog
  8477 | D:10     | Found a staircase to the Lair.
  8627 | D:11     | Noticed a two-headed ogre
  8635 | D:11     | Killed a two-headed ogre
  8635 | D:11     | Reached skill level 16 in Axes
  8641 | D:11     | Found a gate leading to a gauntlet.
  8699 | Gauntlet | Entered a Gauntlet
  8699 | Gauntlet | Found a transporter.
  8699 | Gauntlet | Found a transporter.
  8699 | Gauntlet | Found a transporter.
  8705 | Gauntlet | Found a large runed translucent door.
  8706 | Gauntlet | Found a large runed translucent door.
  8707 | Gauntlet | Found a large runed translucent door.
  8707 | Gauntlet | Found a large runed translucent door.
  8707 | Gauntlet | Found a runed translucent door.
  8708 | Gauntlet | Found a large runed translucent door.
  8715 | Gauntlet | Found a transporter.
  8721 | Gauntlet | Found a transporter.
  8732 | Gauntlet | Found a transporter.
  8739 | Gauntlet | Found a large runed translucent door.
  8739 | Gauntlet | Noticed a wretched star
  8743 | Gauntlet | Found a transporter.
  8743 | Gauntlet | Found a transporter.
  8772 | Gauntlet | Found a large runed translucent door.
  8773 | Gauntlet | Found a large runed translucent door.
  8774 | Gauntlet | Found a large runed translucent door.
  8774 | Gauntlet | Found a large runed translucent door.
  8774 | Gauntlet | Found a runed translucent door.
  8775 | Gauntlet | Found a large runed translucent door.
  8780 | Gauntlet | Found a large runed translucent door.
  8781 | Gauntlet | Found a large runed translucent door.
  8781 | Gauntlet | Found a large runed translucent door.
  8782 | Gauntlet | Found a runed translucent gate.
  8782 | Gauntlet | Found a runed translucent gate.
  8782 | Gauntlet | Found a runed translucent gate.
  8783 | Gauntlet | Noticed a glowing orange brain
  8784 | Gauntlet | Found a transporter.
  8793 | Gauntlet | Found a large runed translucent door.
  8794 | Gauntlet | Found a large runed translucent door.
  8795 | Gauntlet | Noticed a cyan ugly thing
  8795 | Gauntlet | Noticed a brown ugly thing
  8805 | Gauntlet | Found a transporter.
  8819 | Gauntlet | Found a transporter.
  8844 | Gauntlet | Found a transporter.
  9050 | Gauntlet | Got an ancient glass ring
  9055 | Gauntlet | Identified the ring "Koux" {*Corrode rElec rF+ Str+4
                  | Stlth+} (You found it in a Gauntlet)
  9076 | Gauntlet | Noticed a minotaur
  9089 | Gauntlet | Killed a minotaur
  9089 | Gauntlet | Reached skill level 5 in Throwing
  9183 | Gauntlet | Identified the Almanac of the Lumpy Seas
  9664 | Lair:1   | Entered Level 1 of the Lair of Beasts
  9678 | Lair:1   | Noticed a five-headed hydra
  9690 | Lair:1   | Killed a five-headed hydra
  9804 | Lair:1   | Noticed a seven-headed hydra
  9817 | Lair:1   | Killed a seven-headed hydra
 10274 | Lair:1   | Reached XP level 12. HP: 107/116 MP: 11/11
 10699 | Lair:1   | Got a black opal-studded chain mail
 10912 | Lair:1   | Identified the +5 chain mail "Oddaext" {rF++ Regen+} (You
                  | found it on level 1 of the Lair of Beasts)
 11216 | Lair:1   | Reached skill level 17 in Axes
 11478 | Lair:2   | Noticed a four-headed hydra
 11486 | Lair:2   | Killed a four-headed hydra
 11492 | Lair:2   | Reached skill level 15 in Fighting
 11915 | Lair:2   | Received a gift from Trog
 12034 | Lair:2   | Found a hole to the Spider Nest.
 12688 | Lair:3   | Noticed Snorg
 12712 | Lair:3   | Killed Snorg
 13056 | Lair:3   | Reached skill level 5 in Armour
 13178 | Lair:3   | Noticed a queen ant
 13194 | Lair:3   | Killed a queen ant
 13195 | Lair:3   | Reached XP level 13. HP: 128/128 MP: 12/12
 13797 | Lair:4   | Reached skill level 1 in Evocations
 14068 | Lair:4   | Noticed Kirke
 14085 | Lair:4   | Killed Kirke
 14284 | Lair:4   | Found a staircase to the Swamp.
 14909 | Lair:5   | Received a gift from Trog
 15426 | Lair:5   | Reached skill level 18 in Axes
 15576 | Lair:5   | You are sucked into a shaft!
 15576 | Lair:6   | Entered Level 6 of the Lair of Beasts
 15905 | Lair:6   | Found a staircase to the Slime Pits.
 16194 | Lair:6   | Reached XP level 14. HP: 97/140 MP: 15/15
 16481 | Lair:6   | Received a gift from Trog
 17578 | D:5      | Bought a faintly humming plate armour for 588 gold pieces
 17591 | D:5      | Identified the +16 plate armour "Yre Dom" {Regen+ Stlth+}
                  | (You bought it in a shop on level 5 of the Dungeon)
 17615 | D:5      | Bought a shiny plate armour for 546 gold pieces
 17756 | D:12     | Reached skill level 19 in Axes
 17832 | D:12     | Reached skill level 10 in Armour
 18067 | D:12     | Got a twisted scale mail
 18093 | D:12     | Identified the +1 scale mail "Vothra" {Str+8} (You found it
                  | on level 12 of the Dungeon)
 18408 | D:12     | Received a gift from Trog
 18474 | D:12     | Found a staircase to the Orcish Mines.
 18607 | D:13     | Found a frozen archway.
 18637 | IceCv    | Entered an ice cave
 18842 | IceCv    | Received a gift from Trog
 19025 | IceCv    | Reached ****** piety under Trog
 19109 | IceCv    | Got a faintly glowing dire flail
 19168 | D:13     | Identified the +4 dire flail of Ancient Evil {crush,
                  | Fragile rN+ MR+ Dex+3} (You found it in an ice cave)
 19394 | D:13     | Noticed Rupert
 19410 | D:13     | Killed Rupert
 19419 | D:13     | Noticed Frances
 19419 | D:13     | Noticed Maurice
 19425 | D:13     | Killed Maurice
 19435 | D:13     | Reached skill level 20 in Axes
 19447 | D:13     | Killed Frances
 19447 | D:13     | Reached XP level 15. HP: 87/149 MP: 16/16
 19647 | D:13     | Received a gift from Trog
 19837 | D:13     | Found the +18 shield of the Gong {rElec rN+ MR+ EV-5}
 19906 | D:14     | Found a sacrificial altar of Ru.
 20008 | D:14     | Found Heosas's Jewellery Boutique.
 20051 | D:14     | Bought a cursed ring of teleportation for 67 gold pieces
 20051 | D:14     | Bought an uncursed amulet of regeneration for 450 gold
                  | pieces
 20064 | D:14     | Found a portal to a secret trove of treasure.
 20253 | D:14     | Found a gate to the Vaults.
 20720 | D:14     | Received a gift from Trog
 20813 | D:15     | Entered Level 15 of the Dungeon
 21338 | D:15     | Found a staircase to the Depths.
 21374 | D:15     | Identified a scroll of acquirement
 21530 | Orc:1    | Entered Level 1 of the Orcish Mines
 21536 | Orc:1    | Reached skill level 10 in Throwing
 21887 | Orc:2    | Entered Level 2 of the Orcish Mines
 21899 | Orc:2    | Received a gift from Trog
 21987 | Orc:2    | Found a roughly hewn altar of Beogh.
 21991 | Orc:2    | Found Barac's Gadget Shop.
 22170 | Orc:2    | Noticed an orc warlord
 22180 | Orc:2    | Killed an orc warlord
 22213 | Orc:2    | Found Tez Bod's Antique Armour Shop.
 22259 | Orc:2    | Found Karaz's Antique Weapon Boutique.
 22264 | Orc:2    | Found a roughly hewn altar of Beogh.
 22324 | Orc:2    | Found a roughly hewn altar of Beogh.
 22430 | Orc:2    | Received a gift from Trog
 22441 | Orc:2    | Got a warped battleaxe {god gift}
 22443 | Orc:2    | Identified the +1 battleaxe of the Skies Above {chop, rPois
                  | rC+ Stlth+} (Trog gifted it to you on level 2 of the Orcish
                  | Mines)
 22497 | Orc:2    | Found a staircase to the Elven Halls.
 22840 | Orc:2    | Found a roughly hewn altar of Beogh.
 22840 | Orc:2    | Found Navewn's Jewellery Shoppe.
 22856 | Orc:2    | Reached XP level 16. HP: 140/160 MP: 5/17
 22896 | Orc:2    | Found a roughly hewn altar of Beogh.
 22964 | Orc:2    | Found a roughly hewn altar of Beogh.
 22964 | Orc:2    | Noticed Azrael
 22989 | Orc:2    | Killed Azrael
 23317 | Orc:2    | Bought a brightly glowing plate armour for 672 gold pieces
 23317 | Orc:2    | Bought a pair of heavily runed gloves for 228 gold pieces
 23329 | Orc:2    | Identified the +0 pair of gloves of the Queen {MR+} (You
                  | bought it in a shop on level 2 of the Orcish Mines)
 23339 | Orc:2    | Identified the cursed +1 plate armour "Fatek" {rF- rN+++
                  | Regen+ SInv} (You bought it in a shop on level 2 of the
                  | Orcish Mines)
 23842 | Spider:1 | Entered Level 1 of the Spider Nest
 23858 | Spider:1 | Received a gift from Trog
 24669 | Spider:2 | Received a gift from Trog
 24889 | Spider:2 | Slain by a jumping spider

Skill      XL: |  1  2  3  4  5  6  7  8  9 10 11 12 13 14 15 16 |
---------------+-------------------------------------------------+-----
Axes           | 4 5 6 7 8 9 11 14 15 16 17 18 20 | 20.0
Fighting       | 4 5 6 7 8 11 13 15 17 18 19 | 19.6
Throwing       | 3 6 7 10 12 | 12.5
Armour         | 5 9 11 13 14 | 14.0
Evocations     | 3 |  3.0
Dodging        | |  2.1

Action                   |  1- 3 |  4- 6 |  7- 9 | 10-12 | 13-15 | 16-18 || total
-------------------------+-------+-------+-------+-------+-------+-------++-------
Melee: Hand axe          |    43 |   130 |   263 |       |       |       ||   436
       Headbutt          |     5 |    22 |    68 |   116 |   303 |    74 ||   588
       War axe           |       |       |    73 |   520 |   341 |       ||   934
       Flail             |       |       |       |    17 |    16 |       ||    33
       Battleaxe         |       |       |       |       |   777 |   269 ||  1046
       Morningstar       |       |       |       |       |     6 |       ||     6
 Fire: Blowgun           |       |       |       |       |       |     4 ||     4
Throw: Tomahawk          |       |       |       |    29 |    26 |       ||    55
Invok: Berserk           |       |     2 |     2 |    10 |     5 |     1 ||    20
       Trog's Hand       |       |       |     2 |     3 |     5 |       ||    10
  Use: Scroll            |       |     4 |    10 |    10 |    13 |     2 ||    39
       Potion            |       |       |       |     1 |       |       ||     1
 Stab: Petrified         |       |       |       |       |     1 |       ||     1
  Eat: Chunk             |       |     8 |    10 |    21 |    36 |     4 ||    79
       Ration            |       |       |     1 |     3 |     1 |     1 ||     6
Armor: Scale mail        |    19 |    19 |       |       |       |       ||    38
       Chain mail        |       |    44 |   147 |   229 |   303 |       ||   723
       Plate armour      |       |       |       |    56 |   486 |   429 ||   971
       Leather armour    |       |       |       |     1 |       |       ||     1
Dodge: Dodged            |    25 |    59 |   118 |   208 |   416 |   180 ||  1006
